 Dungeon Sprint DCSS version 0.30-a0-778-g2ef04afb54 (webtiles) character file.

Game seed: 9565806723280999148

2395 BigDaddyOpFi the Covert (level 9, -2/34 HPs)
             Began as a Felid Earth Elementalist on Feb 15, 2023.
             Was the Champion of Vehumet.
             Slain by a death cob (21 damage)
             ... in the Dungeon (Sprint VII: "The Pits").
             The game lasted 00:05:47 (3555 turns).

BigDaddyOpFi the Covert (Felid Earth Elementalist)  Turns: 3555, Time: 00:05:48

Health: -2/34      AC:  2    Str: 10    XL:     9   Next: 22%
Magic:  0/23       EV: 26    Int: 21    God:    Vehumet [******]
Gold:   0          SH:  0    Dex: 16    Spells: 13/27 levels left
                                        Lives:  0   Deaths: 2

rFire   . . .      SeeInvis +    (weapon unavailable)
rCold   . . .      Faith    .    (shield unavailable)
rNeg    . . .      Spirit   .    (body armour unavailable)
rPois   .          Reflect  .    (helmet unavailable)
rElec   .          Harm     .    (cloak unavailable)
rCorr   .          Rampage  .    (gloves unavailable)
Will    +....      Rage     3%   (boots unavailable)
Stlth   ++++++     NoTele   +    (no amulet)
HPRegen 0.25/turn                f - +3 ring of strength
MPRegen 0.18/turn                i - +3 ring of strength

@: slightly contaminated, slowed, slow
A: very small, claws 1, fangs 3, see invisible, speed 1, shaggy fur 2, stealthy
paws, no weapons or thrown items, no armour, multi-lived, berserk 1
a: Renounce Religion


You were in the Dungeon.
You worshipped Vehumet.
Vehumet was exalted by your worship.
You visited 1 branch

Inventory:

Armour
 c - a +2 plate armour
Jewellery
 f - a +3 ring of strength (left paw)
 i - a +3 ring of strength (right paw)
Potions
 a - 4 potions of magic
 b - 8 potions of curing
 d - 2 potions of haste
 e - 4 potions of berserk rage
 g - 2 potions of invisibility
 h - 3 potions of heal wounds
 j - a potion of brilliance


   Skills:
 + Level 13.4 Dodging
 + Level 14.5 Stealth
 + Level 9.7 Spellcasting
 + Level 8.7 Conjurations
 - Level 4.1 Transmutations
 + Level 9.9 Earth Magic


You had 13 spell levels left.
You knew the following spells:

 Your Spells              Type           Power      Damage    Failure   Level
a - Sandblast             Erth           100%       2d20      1%          1
b - Stone Arrow           Conj/Erth      98%        3d13      1%          3
c - Irradiate             Conj/Tmut      18%        3d17      3%          5
d - Fireball              Conj/Fire      14%        3d8       9%          5

Your spell library contained the following spells:

 Spells                   Type           Power      Damage    Failure   Level
 Arcjolt                  Conj/Air       14%        1d24      9%          5
 Passwall                 Tmut/Erth      32%        N/A       1%          2
 Petrify                  Tmut/Erth      39%        N/A       3%          4


Dungeon Overview and Level Annotations

Branches:
Dungeon (1/1)

Altars:
Ashenzari
Cheibriados
Dithmenos
Elyvilon
Fedhas
Gozag
Hepliaklqana
Kikubaaqudgha
Makhleb
Nemelex Xobeh
Okawaru
Qazlal
Ru
Sif Muna
Trog
Uskayaw
Vehumet
Wu Jian
Xom
Yredelemnul
Zin
The Shining One
Jiyva
Lugonu

Annotations:
D Sonja


Innate Abilities, Weirdness & Mutations

You have sharp claws.
You have razor-sharp teeth.
You have supernaturally acute eyesight. (SInv)
You cover ground quickly. (Speed+)
You are covered in thick fur. (AC +2)
Your paws help you pounce on unaware monsters.
You are incapable of wielding weapons or throwing items.
You cannot wear armour.
You gain extra lives every three experience levels.
You sometimes lose your temper in combat.


Message History

Confirm with . or Enter, or press ? or * to list all spells.
You erupt in a fountain of uncontrolled magic!
The death cob is blasted with magical radiation!
The death cob is lightly damaged.
You are lightly contaminated with residual magic.
The death cob completely misses you. The death cob misses you.
The death cob closely misses you. The death cob hits you!
* * * LOW HITPOINT WARNING * * *
The death cob drains your vigour!
You feel as though you will be slow longer.
You feel much better. The death cob barely misses you.
The death cob closely misses you. The death cob completely misses you. x2
Casting: Irradiate (quite dangerous; 3% risk of failure)
Confirm with . or Enter, or press ? or * to list all spells.
You erupt in a fountain of uncontrolled magic!
The death cob is blasted with magical radiation!!
The death cob is heavily damaged.
You are contaminated with residual magic.
The death cob completely misses you. x2
Sonja mumbles some strange words.
Sonja blinks!
The death cob hits you!
Your body shudders with the violent release of wild energies!
You feel a little pissed off.
You feel less contaminated with magical energies.
Casting: Irradiate (quite dangerous; 3% risk of failure)
Confirm with . or Enter, or press ? or * to list all spells.
You don't have enough magic to cast this spell.
Casting: Irradiate (quite dangerous; 3% risk of failure)
Confirm with . or Enter, or press ? or * to list all spells.
You don't have enough magic to cast this spell.
Casting: Irradiate (quite dangerous; 3% risk of failure)
Confirm with . or Enter, or press ? or * to list all spells.
Aiming: Sandblast (safe; 1% risk of failure)
Press: ? - help, Shift-Dir - straight line, f - death cob
Aim: a death cob (heavily damaged, 76% to hit)
The blast of sand hits the death cob!
The death cob is heavily damaged.
The death cob completely misses you. The death cob hits you!!
Ouch! That really hurt!
You die...

...)................+
####......#..#......#
..##................#
#'#####'#####÷5######
..##.......##''#######
..##.......##.........
####.......##.........
÷.##...<...##.)#####..
..##.......##.§z@..#
.÷##.......##..#...#
####.......##..#...#
.. ##########..#####
.############........#
.#....#.![[##.x.....t#
'#....#..[[###'###...#
.'....'..))#


rs. ..# '#....#..))# ... .. You could see a death cob.

Vanquished Creatures
  A deep troll (D)
  Pikel (D)
  A molten gargoyle (D)
  A freezing wraith (D)
  Grinder (D)
  A jumping spider (D)
  Sigmund (D)
  2 flying skulls (D)
  A shadow (D)
  A spriggan (D)
  2 small abominations (D)
  Menkaure (D)
  A lemure (D)
  A gnoll sergeant (D)
  A bullfrog (D)
  4 wights (D)
  A crimson imp (D)
  A quasit (D)
  2 hell rats (D)
  An iguana (D)
  A gnoll (D)
  2 ufetubi (D)
  A ball python (D)
  An endoplasm (D)
  A giant cockroach (D)
  A hobgoblin (D)
  3 jackals (D)
  A quokka (D)
  4 frilled lizards (D)
41 creatures vanquished.

Notes
Turn   | Place    | Note
-------+----------+-------------------------------------------
     0 | D        | BigDaddyOpFi the Felid Earth Elementalist began the quest
                  | for the Orb.
     0 | D        | Reached XP level 1. HP: 7/7 MP: 4/4
    11 | D        | Reached skill level 3 in Stealth
    11 | D        | Reached XP level 2. HP: 11/11 MP: 2/6
    16 | D        | Found a bloodstained altar of Trog.
    16 | D        | Found a shimmering blue altar of Sif Muna.
    16 | D        | Found a viscous altar of Jiyva.
    16 | D        | Found a hazy altar of Hepliaklqana.
    16 | D        | Found an opulent altar of Gozag.
    17 | D        | Found a glowing golden altar of the Shining One.
    17 | D        | Found a glowing silver altar of Zin.
    17 | D        | Found a basalt altar of Yredelemnul.
    17 | D        | Found a shimmering altar of Xom.
    17 | D        | Found an ornate altar of the Wu Jian Council.
    17 | D        | Found a sacrificial altar of Ru.
    17 | D        | Found a stormy altar of Qazlal.
    17 | D        | Found an iron altar of Okawaru.
    17 | D        | Found a sparkling altar of Nemelex Xobeh.
    17 | D        | Found a burning altar of Makhleb.
    17 | D        | Found a blossoming altar of Fedhas.
    17 | D        | Found a white marble altar of Elyvilon.
    17 | D        | Found a shadowy altar of Dithmenos.
    17 | D        | Found a snail-covered altar of Cheibriados.
    18 | D        | Found a radiant altar of Vehumet.
    18 | D        | Found a corrupted altar of Lugonu.
    19 | D        | Found an ancient bone altar of Kikubaaqudgha.
    19 | D        | Found a hide-covered altar of Uskayaw.
    19 | D        | Found a broken altar of Ashenzari.
    26 | D        | Became a worshipper of Vehumet
   273 | D        | Reached * piety under Vehumet
   273 | D        | Offered knowledge of Foxfire by Vehumet.
   274 | D        | Reached skill level 4 in Stealth
   437 | D        | Reached ** piety under Vehumet
   437 | D        | Offered knowledge of Scorch by Vehumet.
   437 | D        | Noticed a bullfrog
   443 | D        | Killed a bullfrog
   444 | D        | Reached skill level 5 in Dodging
   444 | D        | Reached skill level 5 in Stealth
   444 | D        | Reached XP level 3. HP: 13/14 MP: 3/9
   444 | D        | Reached XP level 4. HP: 17/18 MP: 3/10
   624 | D        | Noticed Grinder
   628 | D        | Offered knowledge of Hailstorm by Vehumet.
   736 | D        | Noticed a flying skull
   738 | D        | Reached skill level 6 in Stealth
   865 | D        | Slain by Grinder
   866 | D        | Reached XP level 3. HP: 0/14 MP: 1/9
   875 | D        | Learned a level 3 spell: Stone Arrow
   879 | D        | Killed Grinder
   879 | D        | Reached *** piety under Vehumet
   880 | D        | Reached skill level 8 in Stealth
   880 | D        | Reached skill level 5 in Spellcasting
   880 | D        | Reached skill level 5 in Earth Magic
   880 | D        | Reached XP level 4. HP: 17/18 MP: 7/12
   880 | D        | Reached XP level 5. HP: 20/21 MP: 8/14
  1553 | D        | Killed a flying skull
  1553 | D        | Offered knowledge of Olgreb's Toxic Radiance by Vehumet.
  1554 | D        | Reached skill level 9 in Stealth
  1554 | D        | Gained mutation: You are covered in thick fur. (AC +2)
                  | [Felid growth]
  1554 | D        | Reached XP level 6. HP: 24/24 MP: 5/16
  1662 | D        | Reached **** piety under Vehumet
  1663 | D        | Reached skill level 10 in Stealth
  1851 | D        | Noticed a small abomination
  1853 | D        | Killed a small abomination
  1853 | D        | Offered knowledge of Irradiate by Vehumet.
  1854 | D        | Reached skill level 5 in Conjurations
  1854 | D        | Reached XP level 7. HP: 27/27 MP: 14/18
  2176 | D        | Learned a level 5 spell: Irradiate
  2178 | D        | Noticed Sigmund
  2178 | D        | Noticed Pikel
  2199 | D        | Killed Pikel
  2200 | D        | Reached skill level 10 in Dodging
  2200 | D        | Reached skill level 11 in Stealth
  2200 | D        | Reached XP level 8. HP: 31/31 MP: 2/20
  2215 | D        | Killed Sigmund
  2384 | D        | Reached skill level 12 in Stealth
  2392 | D        | Reached ***** piety under Vehumet
  2393 | D        | Offered knowledge of Fireball by Vehumet.
  2876 | D        | Found the +10 zealot's sword {holy, Zealotry, *Rage rN+
                  | EV+3}
  2958 | D        | Noticed a freezing wraith
  2959 | D        | Noticed a death cob
  2966 | D        | Killed a freezing wraith
  2967 | D        | Slain by a death cob
  2968 | D        | Reached XP level 7. HP: -5/27 MP: 7/20
  2977 | D        | Learned a level 5 spell: Fireball
  2992 | D        | Noticed a snapping turtle
  2996 | D        | Noticed a flying skull
  2996 | D        | Noticed a deep troll
  2999 | D        | Killed a deep troll
  3000 | D        | Reached skill level 13 in Stealth
  3000 | D        | Reached XP level 8. HP: 31/31 MP: 17/22
  3001 | D        | Killed a flying skull
  3335 | D        | Noticed a jumping spider
  3335 | D        | Noticed a molten gargoyle
  3337 | D        | Killed a molten gargoyle
  3338 | D        | Reached skill level 14 in Stealth
  3346 | D        | Reached ****** piety under Vehumet
  3346 | D        | Offered knowledge of Arcjolt by Vehumet.
  3349 | D        | Killed a jumping spider
  3350 | D        | Reached XP level 9. HP: 34/34 MP: 9/23
  3542 | D        | Noticed Sonja
  3545 | D        | Noticed Menkaure
  3550 | D        | Killed Menkaure
  3554 | D        | Gained mutation: You sometimes lose your temper in combat.
                  | [mutagenic glow]
  3555 | D        | Slain by a death cob

Illustrated notes

Levels and vault maps discovered:
D:        pitsprint [storerooms_1, entrance_room_1, metal_vault_8, armoury_2,
          mini_pit_1, grid_room_1, main_hall_1, silver_pit, the_coven_2,
          the_vestibule_1, steel_vault_3, golden_pit, hallway_of_sentries,
          crystal_vault_1, iron_vault_1, final_vault]

Skill      XL: |  1  2  3  4  5  6  7  8 |
---------------+-------------------------+-----
Dodging        | 3 5 7 9 12 13 | 13.4
Stealth        | 3 5 8 6 9 10 13 14 | 14.5
Transmutations | 2 4 |  4.1
Earth Magic    | 3 4 5 6 7 9 8 |  9.9
Spellcasting   | 3 5 6 9 8 |  9.7
Conjurations   | 3 4 5 6 8 |  8.7

Action                     |  1- 3 |  4- 6 |  7- 9 || total
---------------------------+-------+-------+-------++-------
  Melee: Unarmed           |     1 |     2 |     1 ||     4
   Cast: Sandblast         |    15 |    14 |     2 ||    31
         Stone Arrow       |     1 |    10 |    37 ||    48
         Irradiate         |       |       |     9 ||     9
    Use: Potion            |     1 |     3 |     4 ||     8
         Scroll            |       |     1 |       ||     1
 Armour: Skin              |       |       |     2 ||     2
  Dodge: Dodged            |     6 |    22 |    36 ||    64

Table legend: (Time is in decaauts)
 A = Elapsed time spent in this place.
 B = Non-inter-level travel time spent in this place.
 C = Inter-level travel time spent in this place.
 D = Time resting spent in this place.
 E = Time spent auto-exploring this place.
 F = Levels seen in this place.
 G = Mean time per level.
                   A        B        C        D        E       F      G
               +--------+--------+--------+--------+--------+-----+--------+
         Total |   3482 |   3426 |     56 |   2951 |      0 |   1 | 3482.0 |
       Dungeon |   3482 |   3426 |     56 |   2951 |      0 |   1 | 3482.0 |
               +--------+--------+--------+--------+--------+-----+--------+

Top non-repeatable levels by time:
       D: 3482 daAuts
